 Dungeon Crawl Stone Soup version 0.30.1-11-g7821555f0a (webtiles) character file.

Game seed: 12988378256200003671

23725 cowcol the Severer (level 12, -10/117 HPs)
             Began as a Minotaur Fighter on Dec 23, 2023.
             Was a High Priest of Okawaru.
             Mangled by a death yak (18 damage)
             ... on level 3 of the Lair of Beasts.
             The game lasted 00:38:55 (17151 turns).

cowcol the Severer (Minotaur Fighter)              Turns: 17151, Time: 00:38:55

Health: -10/117    AC: 27    Str: 25    XL:     12   Next: 74%
Magic:  11/12      EV:  9    Int:  7    God:    Okawaru [*****.]
Gold:   493        SH: 13    Dex: 12    Spells: 11/11 levels left

rFire   . . .        m - +6 war axe
rCold   + . .        K - +3 kite shield
rNeg    . . .        A - +2 plate armour of Semicokhu {rC+ Will+}
rPois   .            (helmet restricted)
rElec   .            (no cloak)
rCorr   +            U - +0 pair of gloves
SInv    .            g - +2 pair of boots
Will    +....        G - amulet of Baiseid {Regen+ Dex+3} Stlth
                     c - ring of resist corrosion
HPRegen 1.19/turn    (no ring)
MPRegen 0.13/turn

%: no passive effects
@: heroic
A: horns 2, retaliatory headbutt, iridescent scales 1, sense surroundings 1,
MP-powered wands
a: Renounce Religion, Heroism, Finesse, Duel


You were on level 3 of the Lair of Beasts.
You worshipped Okawaru.
Okawaru was extremely pleased with you.
You visited 3 branches of the dungeon, and saw 15 of its levels.

You collected 824 gold pieces.
You spent 331 gold pieces at shops.

Inventory:

Hand Weapons
 a - a +1 war axe of freezing
 k - the +3 quarterstaff of Doom {drain, rF+ rC+ rCorr SInv}
   (You found it on level 6 of the Dungeon)

   rF:        It protects you from fire.
   rC:        It protects you from cold.
   SInv:      It lets you see invisible.
   rCorr:     It protects you from acid and corrosion.
 m - a +6 war axe (weapon)
 o - a +0 great mace
 E - a +5 dire flail of draining
Missiles
 e - 2 datura-tipped darts
 f - 37 poisoned darts (quivered)
 n - 3 boomerangs
Armour
 g - a +2 pair of boots (worn)
 r - a +0 chain mail
 A - the +2 plate armour of Semicokhu (worn) {rC+ Will+}
   (Okawaru gifted it to you on level 11 of the Dungeon)

   rC:        It protects you from cold.
   Will:      It increases your willpower.
 F - the +7 chain mail "Ottamuad" {rF+}
   (You bought it in a shop on level 6 of the Dungeon)

   rF:        It protects you from fire.
 K - a +3 kite shield (worn)
 U - a +0 pair of gloves (worn)
 Z - the +2 hat "Lehur" {*Corrode Fly rF+ Str+4}
   (Okawaru gifted it to you on level 2 of the Lair of Beasts)

   Str:       It affects your strength (+4).
   rF:        It protects you from fire.
   Fly:       It grants you flight.
   *Corrode:  It may corrode you when you take damage.
Jewellery
 c - a ring of resist corrosion (left hand)
 x - a ring of wizardry
 G - the amulet of Baiseid (around neck) {Regen+ Dex+3}
   (You acquired it on level 9 of the Dungeon)

   [amulet of regeneration]

   Dex:       It affects your dexterity (+3).
   Regen:     It increases your rate of health regeneration.
 J - a ring of ice
 P - a ring of fire
 S - an amulet of the acrobat
Wands
 y - a wand of light (13)
 B - a wand of polymorph (14)
 C - a wand of flame (5)
 L - a wand of mindburst (7)
 W - a wand of paralysis (3)
Scrolls
 b - a scroll of torment
 h - 3 scrolls of poison
 i - a scroll of fear
 p - 4 scrolls of immolation
 u - 5 scrolls of teleportation
 v - a scroll of vulnerability
 D - 3 scrolls of amnesia
 N - a scroll of butterflies
 Q - a scroll of blinking
 T - a scroll of magic mapping
 Y - 2 scrolls of enchant weapon
Potions
 d - 4 potions of brilliance {unknown}
 j - 8 potions of attraction {unknown}
 l - a potion of invisibility {unknown}
 q - 5 potions of curing {unknown}
 s - 4 potions of lignification
 t - 4 potions of mutation
 w - a potion of ambrosia {unknown}
 z - 5 potions of resistance {unknown}
 I - a potion of haste {unknown}
 M - a potion of berserk rage {unknown}
 R - 2 potions of might
 V - a potion of magic {unknown}
 X - 2 potions of flight {unknown}
Miscellaneous
 H - a lightning rod (4/4)
 O - a piece from Xom's chessboard (15/15)


   Skills:
 + Level 14.2(19.2) Fighting
 - Level 18.0(23.0) Axes
 - Level 1.5(6.5) Throwing
 - Level 12.0(17.0) Armour
 - Level 4.0(9.0) Shields
 + Level 2.0 Invocations
 - Level 1.0 Evocations


You had 11 spell levels left.
You didn't know any spells.
Your spell library contained the following spells:

 Spells                   Type           Power      Damage    Failure   Level
 Magic Dart               Conj           0%         1d3       99%         1
 Sandblast                Erth           0%         2d4       99%         1
 Cigotuvi's Dreadful Rot  Necr/Pois/Air  0%         N/A       100%        2
 Ensorcelled Hibernation  Hex/Ice        0%         N/A       100%        2
 Passwall                 Tmut/Erth      0%         N/A       100%        2
 Hailstorm                Conj/Ice       0%         3d3       100%        3
 Mephitic Cloud           Conj/Pois/Air  0%         N/A       100%        3
 Spider Form              Tmut/Pois      0%         N/A       100%        3
 Stone Arrow              Conj/Erth      0%         3d7       100%        3
 Anguish                  Hex/Necr       0%         N/A       100%        4
 Dispel Undead            Necr           0%         3d6       100%        4
 Ice Form                 Ice/Tmut       0%         N/A       100%        4
 Leda's Liquefaction      Hex/Erth       0%         N/A       100%        4
 Lee's Rapid Deconstruct  Erth           0%         3d4*      100%        5
 Statue Form              Tmut/Erth      0%         N/A       100%        6
 Call Imp                 Summ           Unusable   N/A       N/A         2
 Death Channel            Necr           Unusable   N/A       N/A         6
 Simulacrum               Ice/Necr       Unusable   N/A       N/A         6

Dungeon Overview and Level Annotations

Branches:
Dungeon (11/15)            Temple (1/1) D:4            Lair (3/5) D:11
 Shoals (0/4) Lair:2          Orc (0/2) D:10
  Snake: Lair:2-3    Spider: Lair:2-3

Altars:
Ashenzari
Elyvilon
Gozag
Hepliaklqana
Kikubaaqudgha
Makhleb
Nemelex Xobeh
Okawaru
Qazlal
Ru
Sif Muna
Uskayaw
Vehumet
Wu Jian
Yredelemnul
Zin

Shops:
D:6 ?*!*(   D:11 *

Portals:
Abyss: D:3

Annotations:
D:3 2 transporters, whendricso's ghost, amateur DjHW


Innate Abilities, Weirdness & Mutations

You have a pair of horns on your head.
You reflexively headbutt those who attack you in melee.
You are partially covered in iridescent scales. (AC +2)
You passively map a small area around you.
You expend magic power (3 MP) to strengthen your wands.


Message History

You hit the death yak.
The death yak is heavily wounded.
You hit the death yak. x3
Unknown command.
You slash the death yak! Your headbutt misses the death yak.
The death yak is severely wounded.
You slash the death yak! x2; You hit the death yak but do no damage.
You block the death yak's attack. The death yak gores you!
The death yak gores you but does no damage.
You block the death yak's attack.
You hit the death yak.
The death yak is severely wounded.
You hit the death yak. You hit the death yak but do no damage.
You slash the death yak! The death yak gores you!
The death yak barely misses you.
The death yak gores you but does no damage.
The death yak gores you.
You hit the death yak. You headbutt the death yak.
The death yak is severely wounded.
You hit the death yak but do no damage. You slash the death yak! x2
The death yak gores you! The death yak barely misses you.
You furiously retaliate!
You headbutt the death yak! You block the death yak's attack.
The death yak gores you!
* * * LOW HITPOINT WARNING * * *
You slice the death yak!!
You kill the death yak!
Okawaru is honoured by your kill.
You hit the death yak but do no damage. You hit the death yak.
You hit the death yak but do no damage. The death yak gores you!
* * * LOW HITPOINT WARNING * * *
You block the death yak's attack. x2
Your base Fighting skill increases to level 14!
Really quaff the potion of lignification? [Y]es or [N]o only, please.
Really quaff the potion of lignification?
Okay, then.
The death yak gores you!
* * * LOW HITPOINT WARNING * * *
The death yak gores you!!
You die...

,.............Y......##
, ...................#
...........Y.......# ,
......#..........#
P....##........### ,
,.....#.#.##.....#
#.....#.#......##
#........Y......# , ,
........@Y.....## ,
,.......Y.......# ,
....###.#.##..## #...
##### #.# , )#., .# * *
, .. , , # ~, ,, ~ *


You could see 3 death yaks.

Vanquished Creatures
  The ghost of Ekaitz the Zephyrmancer, a journeyman TeAE of Vehumet (D:11)
  2 two-headed ogres
  A boulder beetle (D:11)
  2 death yaks
  4 skeletal warriors (D:11)
  Pikel (D:8)
  3 cyclopes (D:11)
  A centaur zombie (D:11)
  2 merfolk sirens (Lair:2)
  A black mamba (Lair:2)
  4 cane toads
  A gargoyle (D:11)
  An unseen horror (D:10)
  7 komodo dragons
  2 rime drakes
  2 merfolk (Lair:2)
  A hornet (D:9)
  Prince Ribbit (D:8)
  7 dream sheep (Lair:2)
  2 centaur simulacra (D:11)
  A shadow (D:10)
  A vampire (D:9)
  3 basilisks
  12 yaks
  A wyvern (D:9)
  4 vampire mosquitoes (D:10)
  Menkaure (D:7)
  3 water moccasins
  3 wargs
  Edmund (D:6)
  2 acid dragons
  2 orc warriors
  4 sky beasts
  2 ice beasts
  2 black bears
  4 ogres
  2 centaurs
  A lemure (D:8)
  4 kobold brigands
  8 bullfrogs
  2 gnoll sergeants
  3 scorpions
  5 wights (D:10)
  19 killer bees
  4 howler monkeys (D:11)
  An electric eel (D:11)
  3 hounds
  4 orc priests
  A gnoll bouda (D:6)
  A sleepcap (D:6)
  6 iguanas
  11 orc wizards
  12 hell rats (Lair:2)
  Robin (D:3)
  14 gnolls
  7 adders
  2 white imps (D:6)
  2 ufetubi
  2 worms (D:5)
  5 dart slugs
  12 orcs
  11 ball pythons
  6 bats
  7 endoplasms
  2 giant cockroaches
  15 goblins
  7 hobgoblins
  24 kobolds
  6 quokkas
  6 rats
308 creatures vanquished.

Notes
Turn   | Place    | Note
-------+----------+-------------------------------------------
     0 | D:1      | cowcol the Minotaur Fighter began the quest for the Orb.
     0 | D:1      | Reached XP level 1. HP: 19/19 MP: 0/0
    61 | D:1      | Reached XP level 2. HP: 20/27 MP: 1/1
   588 | D:1      | Reached XP level 3. HP: 32/33 MP: 2/2
   660 | D:1      | Reached skill level 3 in Axes
  1229 | D:2      | Found a basalt altar of Yredelemnul.
  1638 | D:3      | Found a one-way gate to the infinite horrors of the Abyss.
  1638 | D:3      | Noticed whendricso's ghost (amateur DjHW)
  1640 | D:3      | Noticed a small abomination
  1652 | D:3      | Noticed a small abomination
  1680 | D:3      | Reached XP level 4. HP: 40/40 MP: 3/3
  1710 | D:3      | Noticed Robin
  1739 | D:3      | Killed Robin
  1740 | D:3      | Reached skill level 4 in Axes
  2098 | D:3      | You fall into a shaft and drop 2 floors!
  2098 | D:5      | Entered Level 5 of the Dungeon
  2145 | D:4      | Found a staircase to the Ecumenical Temple.
  2155 | Temple   | Entered the Ecumenical Temple
  2191 | Temple   | Became a worshipper of Warmaster Okawaru
  2511 | D:3      | Found a transporter.
  2519 | D:3      | Found a transporter.
  2519 | D:3      | Noticed a small abomination
  3248 | D:4      | Reached XP level 5. HP: 46/47 MP: 4/4
  3446 | D:4      | Reached skill level 5 in Axes
  3446 | D:4      | Reached skill level 5 in Armour
  3860 | D:4      | Noticed an ogre
  3880 | D:4      | Killed an ogre
  3881 | D:4      | Reached skill level 6 in Axes
  3881 | D:4      | Reached XP level 6. HP: 53/53 MP: 5/5
  4333 | D:5      | Reached * piety under Okawaru
  4334 | D:5      | Reached skill level 1 in Throwing
  4446 | D:5      | Gained mutation: You are partially covered in iridescent
                  | scales. (AC +2) [potion of mutation]
  4446 | D:5      | Gained mutation: You passively map a small area around you.
                  | [potion of mutation]
  4446 | D:5      | Gained mutation: You expend magic power (3 MP) to
                  | strengthen your wands. [potion of mutation]
  4511 | D:5      | Reached XP level 7. HP: 45/60 MP: 6/6
  4908 | D:5      | Found a glowing silver altar of Zin.
  5455 | D:6      | Found Haor Deriukh's Magic Scroll Shoppe.
  5480 | D:6      | Reached skill level 7 in Axes
  5484 | D:6      | Reached skill level 5 in Fighting
  5909 | D:6      | Found Itaecu's Assorted Antiques.
  5917 | D:6      | Bought a scroll labelled LEMEENKUF OQAL for 23 gold pieces
  6812 | D:6      | Identified the +3 quarterstaff of Doom {drain, rF+ rC+
                  | rCorr SInv}
  6856 | D:6      | Reached skill level 8 in Axes
  6862 | D:6      | Reached XP level 8. HP: 47/69 MP: 7/7
  6865 | D:6      | Reached ** piety under Okawaru
  7776 | D:6      | Reached skill level 9 in Axes
  7928 | D:6      | Noticed Edmund
  7943 | D:6      | Killed Edmund
  8056 | D:6      | Found Wiluqota's Weapon Shoppe.
  8162 | D:6      | Found Joxokhles's Assorted Antiques.
  8174 | D:6      | Found Kahiwol's Distillery.
  8177 | D:6      | Bought a heavily runed chain mail for 209 gold pieces
  8177 | D:6      | Identified the +7 chain mail "Ottamuad" {rF+} (You bought
                  | it in a shop on level 6 of the Dungeon)
  8202 | D:6      | Reached skill level 10 in Axes
  8412 | D:7      | Reached XP level 9. HP: 75/75 MP: 8/8
  8474 | D:7      | Found an ornate altar of the Wu Jian Council.
  8870 | D:7      | Noticed Menkaure
  8875 | D:7      | Killed Menkaure
  8876 | D:7      | Reached skill level 11 in Axes
  9281 | D:8      | Noticed Pikel
  9290 | D:8      | Killed Pikel
  9290 | D:8      | Reached *** piety under Okawaru
  9823 | D:8      | Reached skill level 12 in Axes
  9896 | D:8      | Found a sparkling altar of Nemelex Xobeh.
  9921 | D:8      | Found a stormy altar of Qazlal.
  9921 | D:8      | Found a broken altar of Ashenzari.
 10088 | D:8      | Found a white marble altar of Elyvilon.
 10404 | D:8      | Noticed Prince Ribbit
 10416 | D:8      | Killed Prince Ribbit
 10417 | D:8      | Reached skill level 1 in Invocations
 10720 | D:9      | Identified a scroll of acquirement
 10721 | D:9      | Acquired the amulet of Baiseid {Regen+ Dex+3}
 10745 | D:9      | Reached XP level 10. HP: 77/88 MP: 6/9
 10825 | D:9      | Reached skill level 13 in Axes
 11140 | D:9      | Reached skill level 10 in Armour
 11456 | D:9      | Noticed a two-headed ogre
 11467 | D:9      | Killed a two-headed ogre
 11467 | D:9      | Reached **** piety under Okawaru
 11775 | D:10     | Entered Level 10 of the Dungeon
 11855 | D:10     | Reached skill level 14 in Axes
 11936 | D:10     | Found a hide-covered altar of Uskayaw.
 11937 | D:10     | Found a staircase to the Orcish Mines.
 12456 | D:10     | Reached skill level 1 in Evocations
 12637 | D:10     | Noticed a two-headed ogre
 12644 | D:10     | Killed a two-headed ogre
 12644 | D:10     | Received a gift from Okawaru
 12945 | D:11     | Found Bama Vunk's Assorted Antiques.
 12947 | D:11     | Noticed a cyclops
 12951 | D:11     | Noticed a boulder beetle
 12955 | D:11     | Killed a cyclops
 12968 | D:11     | Noticed a skeletal warrior
 12969 | D:11     | Noticed a skeletal warrior
 12974 | D:11     | Noticed a skeletal warrior
 12975 | D:11     | Noticed a skeletal warrior
 12975 | D:11     | HP: 3/91 [skeletal warrior/+0 glaive (3)]
 12982 | D:11     | Killed a boulder beetle
 12982 | D:11     | Reached ***** piety under Okawaru
 12983 | D:11     | Reached XP level 11. HP: 34/97 MP: 11/11
 13316 | D:11     | Killed a skeletal warrior
 13330 | D:11     | Killed a skeletal warrior
 13598 | D:11     | Killed a skeletal warrior
 13601 | D:11     | Killed a skeletal warrior
 13602 | D:11     | Reached skill level 15 in Axes
 14195 | D:10     | Reached skill level 10 in Fighting
 14246 | D:11     | Identified the +2 plate armour of Semicokhu {rC+ Will+}
                  | (Okawaru gifted it to you on level 11 of the Dungeon)
 14246 | D:11     | Received a gift from Okawaru
 14641 | D:11     | Found a staircase to the Lair.
 14835 | D:6      | Bought a pair of gloves for 99 gold pieces
 14958 | D:11     | Noticed Ekaitz's ghost (journeyman TeAE)
 14959 | D:11     | Found a runed translucent gate.
 14960 | D:11     | Found a runed translucent gate.
 14961 | D:11     | Found a runed translucent gate.
 15136 | D:11     | Reached skill level 16 in Axes
 15274 | D:11     | Killed Ekaitz's ghost
 15346 | Lair:1   | Entered Level 1 of the Lair of Beasts
 15549 | Lair:1   | Reached XP level 12. HP: 110/110 MP: 12/12
 15645 | Lair:1   | Reached skill level 17 in Axes
 16180 | Lair:2   | Identified the +2 hat "Lehur" {*Corrode Fly rF+ Str+4}
                  | (Okawaru gifted it to you on level 2 of the Lair of Beasts)
 16180 | Lair:2   | Received a gift from Okawaru
 16532 | Lair:2   | Reached skill level 18 in Axes
 16555 | Lair:2   | Found a staircase to the Shoals.
 17095 | Lair:3   | Noticed a death yak
 17095 | Lair:3   | Noticed a death yak
 17096 | Lair:3   | Noticed a death yak
 17096 | Lair:3   | Noticed a death yak
 17114 | Lair:3   | Noticed a death yak
 17124 | Lair:2   | Killed a death yak
 17150 | Lair:3   | Killed a death yak
 17151 | Lair:3   | Mangled by a death yak

Illustrated notes

Levels and vault maps discovered:
D:1:      shiori_arrival_elements, layout_loops_cross,
          dreamdust_princess_corridor, st_stairs_3
D:2:      layout_basic, basic_altar
D:3:      layout_loops_ring, serial_rivers, chequers_serial_rivers_micro_c,
          chequers_serial_rivers_micro_d, chequers_serial_rivers_micro_d,
          chequers_serial_rivers_marsh, chequers_serial_rivers_room_b,
          gammafunk_ghost_abyssal_escape, serial_bayou_pond_d, uniq_robin
D:4:      layout_loops_corners, temple_fountains
D:5:      layout_gridville, lemuel_coloured_pillars_altar, minivault_25,
          chequers_serial_rivers_small_b
D:6:      layout_loops_ring, serial_shops, shop, shop, shop,
          nicolae_stop_n_shop_1, shop, minmay_increasing_density, uniq_edmund
D:7:      layout_loops_cross, nzn_wu_jian_council_hall, serial_co_window_serial,
          co_window_of_opportunity_a, co_window_paths_a, co_window_paths_b,
          co_window_of_opportunity_a, co_window_paths_a,
          co_window_of_opportunity_b, co_window_unsneaky_path_d,
          co_window_paths_c, co_window_of_opportunity_c, co_window_paths_d,
          glass_columns_c, glass_columns_a, glass_columns_b, uniq_menkaure
D:8:      layout_basic, minitemple, elyvilon_altar_4, enter_bailey_1,
          uniq_prince_ribbit1, uniq_pikel
D:9:      layout_long_grid, serial_park_tiny_1
D:10:     layout_irregular_city, eat_drink_and_be_merry_uskayaw, orc_0_dummy,
          hangedman_abyss_or_decor_clamps
D:11:     layout_big_octagon, erik_lair_orcish_takeover,
          gammafunk_ghost_necromancy, serial_shops, nicolae_shop_hallway_plus,
          chequers_avenue, minmay_misc_feat_four_crosses, kennysheep_diamond
Temple:   nicolae_temple_superstar
Lair:1:   beast_lair_carwin_large_4, layout_regular_city, grunt_megastairs_2
Lair:2:   layout_misc_corridors, elwin_shoals_entry_stream, grunt_megastairs_3
Lair:3:   layout_gridlike, guppyfry_snake_entry_island,
          infiniplex_staircase_pool, grunt_megastairs_5

Skill      XL: |  1  2  3  4  5  6  7  8  9 10 11 12 |
---------------+-------------------------------------+-----
Armour         | 4 5 7 8 9 11 12 | 12.0
Fighting       | 4 5 6 7 9 11 14 | 14.2
Axes           | 3 4 6 8 10 12 14 16 18 | 18.0
Throwing       | 1 |  1.5
Invocations    | 1 2 |  2.0
Shields        | 4 |  4.0
Evocations     | 1 |  1.0

Action                     |  1- 3 |  4- 6 |  7- 9 | 10-12 || total
---------------------------+-------+-------+-------+-------++-------
  Melee: War axe           |    83 |   102 |   212 |   494 ||   891
         Headbutt          |    11 |    15 |    31 |   100 ||   157
  Throw: Dart              |     2 |    13 |     8 |    24 ||    47
 Invoke: Heroism           |       |       |     6 |     8 ||    14
  Evoke: Wand              |       |       |       |     4 ||     4
    Use: Scroll            |     5 |     1 |     7 |     6 ||    19
         Potion            |       |     3 |     2 |     2 ||     7
   Stab: Invisible         |       |       |       |     1 ||     1
 Armour: Scale mail        |    39 |    60 |    45 |       ||   144
         Chain mail        |       |       |    99 |   185 ||   284
         Plate armour      |       |       |       |    88 ||    88
  Dodge: Dodged            |    38 |    43 |    87 |   111 ||   279
  Block: Buckler           |    19 |    14 |    26 |       ||    59
         Kite shield       |       |       |    69 |   231 ||   300
